 Dungeon Crawl Stone Soup version 0.32-a0-913-g739538afd8 (webtiles) character file.

Game seed: 5516896534928254519

184 pokeman the Magician (level 5, -2/29 HPs)
             Began as a Deep Elf Hedge Wizard on Apr 8, 2024.
             Slain by a lemure (6 damage)
             ... led by Pikel
             ... on level 4 of the Dungeon.
             The game lasted 00:04:52 (3449 turns).

pokeman the Magician (Deep Elf Hedge Wizard)        Turns: 3449, Time: 00:04:53

Health: -2/29      AC:  4    Str:  4    XL:     5   Next: 36%
Magic:  6/15       EV: 12    Int: 25    God:
Gold:   114        SH:  0    Dex: 16    Spells: 8/16 levels left

rFire   . . .        p - +2 club (spect)
rCold   . . .        (no shield)
rNeg    . . .        b - +0 robe
rPois   .            a - +1 helmet of Senannaowo {Str-3 Int+4 Dex+2}
rElec   .            (no cloak)
rCorr   .            (no gloves)
SInv    .            (no boots)
Will    .....        (no amulet)
Stlth   ++           m - ring of wizardry
HPRegen 0.24/turn    (no ring)
MPRegen 0.14/turn

%: wizardry (x1)
@: no status effects
A: no striking features
a: no special abilities


You were on level 4 of the Dungeon.
You visited 1 branch of the dungeon, and saw 4 of its levels.

You collected 114 gold pieces.

Inventory:

Hand Weapons
 p - a +2 spectral club (weapon)
Armour
 a - the +1 helmet of Senannaowo (worn) {Str-3 Int+4 Dex+2}
   (You took it off Robin on level 2 of the Dungeon)

   Str-3:     It affects your strength (-3).
   Int+4:     It affects your intelligence (+4).
   Dex+2:     It affects your dexterity (+2).
 b - a +0 robe (worn)
Jewellery
 m - a ring of wizardry (left hand)
Scrolls
 f - a scroll of teleportation {unknown}
 g - a scroll of torment {unknown}
 h - a scroll of noise {unknown}
 j - a scroll of poison {unknown}
 k - a scroll of fear {unknown}
 l - 2 scrolls of fog {unknown}
 o - a scroll of immolation {unknown}
 r - a scroll of brand weapon {unknown}
 s - 2 scrolls of identify {unknown}
 v - a scroll of enchant armour {unknown}
 w - a scroll of amnesia {unknown}
Potions
 c - a potion of mutation {unknown}
 d - a potion of magic
 e - a potion of ambrosia {unknown}
 i - a potion of heal wounds {unknown}
 n - a potion of lignification {unknown}
 q - a potion of haste {unknown}
 t - a potion of resistance {unknown}
 u - a potion of might {unknown}


   Skills:
 - Level 1.1 Fighting
 - Level 1.0 Armour
 - Level 3.0 Dodging
 - Level 3.0 Stealth
 * Level 6.2 Spellcasting
 + Level 2.6 Conjurations
 - Level 1.1 Summonings
 - Level 1.1 Translocations
 + Level 0.1 Air Magic
 + Level 0.6 Alchemy


You had 8 spell levels left.
You knew the following spells:

 Your Spells              Type           Power      Damage    Failure   Level
a - Magic Dart            Conj           84%        1d7       1%          1
b - Mephitic Cloud        Conj/Alch/Air  13%        N/A       6%          3
c - Call Imp              Summ           26%        N/A       2%          2
d - Blink                 Tloc           26%        N/A       2%          2

Your spell library contained the following spells:

 Spells                   Type           Power      Damage    Failure   Level
 Lesser Beckoning         Tloc           26%        N/A       2%          2
 Slow                     Hex            28%        N/A       3%          1
 Cigotuvi's Dreadful Rot  Necr/Alch/Air  18%        N/A       4%          2
 Maxwell's Portable Pile  Tloc           13%        2d(6-17)  6%          3
 Teleport Other           Tloc           13%        N/A       6%          3


Dungeon Overview and Level Annotations

Branches:
Dungeon (4/15)
 Temple: D:4-7

Altars:

Annotations:
D:4 Pikel


Message History

Something hits the lemure!
Casting: Mephitic Cloud (quite dangerous; 6% risk of failure)
Confirm with . or Enter, or press ? or * to list all spells.
Aiming: Magic Dart (safe; 1% risk of failure)
Press: ? - help, Shift-Dir - straight line, f - quokka
Aim: a quokka (100% to hit)
The magic dart hits the quokka.
The quokka is severely wounded.
The quokka bites you.
* * * LOW HITPOINT WARNING * * *
Casting: Magic Dart (safe; 1% risk of failure)
Confirm with . or Enter, or press ? or * to list all spells.
Aiming: Magic Dart (safe; 1% risk of failure)
Press: ? - help, Shift-Dir - straight line, f/p - quokka
Aim: a quokka (severely wounded, 100% to hit)
The magic dart hits the quokka.
You kill the quokka!
The lemure barely misses Pikel.
The lemure barely misses itself.
Unknown command.
Casting: Magic Dart (safe; 1% risk of failure)
Confirm with . or Enter, or press ? or * to list all spells.
Aiming: Mephitic Cloud (quite dangerous; 6% risk of failure)
Press: ? - help, Shift-Dir - straight line, f - lemure
Aim: a lemure (chance to affect: 77%)
The ball explodes into a vile cloud!
The stinking cloud engulfs the lemure.
The lemure is engulfed in noxious fumes.
Unknown command.
Unknown command.
Casting: Mephitic Cloud (quite dangerous; 6% risk of failure)
Confirm with . or Enter, or press ? or * to list all spells.
Aiming: Mephitic Cloud (quite dangerous; 6% risk of failure)
Press: ? - help, Shift-Dir - straight line, f/p - lemure
Aim: a lemure (chance to affect: 77%)
The ball explodes into a vile cloud!
The stinking cloud engulfs the lemure.
The stinking cloud engulfs you.
The lemure closely misses the lemure.
The lemure is engulfed in noxious fumes.
The lemure appears confused.
The lemure is engulfed in noxious fumes.
The lemure appears confused.
The lemure hits you.
You die...

#.# .+....#..... #.#
.....#..... #.!
...#####[ #.. ####
#.#..... .### #5# #..#
#.#.#### .[...##?###.##
#.#.#### #....##..#
##.#.....
#.5##§#########..#####.
#K5§☼5@......##.## #...
##.#§§§....#.##.####.##
#.#.>.....#.'.......##
#.###...#.#.##########
#+# #...#.#.# #
#.(.#.#.# # #...#.#.# #
#...#.#.# # ##....#.# #


You could see Pikel (confused) and 3 lemures.

Vanquished Creatures
  A lemure (D:4)
  Jessica (D:2)
  An orc wizard (D:4)
  Robin (D:2)
  3 adders
  A ribbon worm (D:3)
  6 orcs
  5 ball pythons
  5 bats
  9 endoplasms
  15 goblins
  5 hobgoblins
  9 jackals
  4 quokkas
  5 frilled lizards
  3 kobolds
  A rat (D:1)
75 creatures vanquished.

Vanquished Creatures (collateral kills)
  An orc (D:4)
  2 goblins (D:2)
3 creatures vanquished.

Grand Total: 78 creatures vanquished

Notes
Turn   | Place    | Note
-------+----------+-------------------------------------------
     0 | D:1      | pokeman the Deep Elf Hedge Wizard began the quest for the
                  | Orb.
     0 | D:1      | Reached XP level 1. HP: 10/10 MP: 7/7
   125 | D:1      | Reached XP level 2. HP: 13/15 MP: 1/9
   660 | D:1      | Reached skill level 5 in Spellcasting
  1110 | D:2      | Reached XP level 3. HP: 20/20 MP: 9/11
  1114 | D:2      | Learned a level 3 spell: Mephitic Cloud
  1117 | D:2      | Learned a level 2 spell: Call Imp
  1120 | D:2      | Learned a level 2 spell: Blink
  1208 | D:2      | Found a faded altar of an unknown god.
  1312 | D:2      | Noticed Jessica
  1318 | D:2      | Killed Jessica
  1319 | D:2      | Reached skill level 1 in Fighting
  1319 | D:2      | Reached skill level 1 in Armour
  1540 | D:2      | Identified the +1 helmet of Senannaowo {Str-3 Int+4 Dex+2}
  1540 | D:2      | Noticed Robin
  1541 | D:2      | Reached XP level 4. HP: 25/25 MP: 5/13
  1576 | D:2      | Killed Robin
  3150 | D:4      | Reached XP level 5. HP: 29/29 MP: 10/15
  3173 | D:4      | Reached skill level 6 in Spellcasting
  3433 | D:4      | Noticed Pikel
  3433 | D:4      | Noticed a lemure
  3433 | D:4      | Noticed a lemure
  3433 | D:4      | Noticed a lemure
  3434 | D:4      | Noticed a lemure
  3441 | D:4      | Killed a lemure
  3449 | D:4      | Slain by a lemure

Illustrated notes

Levels and vault maps discovered:
D:1:      saegor_arrival_simple_e, layout_rooms, minmay_misc_feat_pillars,
          minmay_pentomino_x4
D:2:      layout_basic, shapermc_ecumenical_altar_pompeii, uniq_robin,
          uniq_jessica
D:3:      layout_basic, minmay_quantized
D:4:      layout_basic, lemuel_tele_altar, serial_co_window_serial,
          co_window_corner_a, co_window_corner_a, co_window_paths_a,
          co_window_paths_a, co_window_paths_a, co_window_of_opportunity_a,
          co_window_of_opportunity_a, co_window_cross_2, co_window_broadway_a,
          co_window_broadway_a, co_window_2corner, co_window_of_opportunity_b,
          co_window_4corner_b, uniq_pikel

Skill      XL: |  1  2  3  4  5 |
---------------+----------------+-----
Spellcasting   | 5 6 |  6.2
Fighting       | 1 |  1.1
Armour         | 1 |  1.0
Conjurations   | 2 |  2.6
Dodging        | 3 |  3.0
Stealth        | 3 |  3.0
Summonings     | |  1.1
Translocations | |  1.1
Air Magic      | |  0.1
Alchemy        | |  0.6

Action                     |  1- 3 |  4- 6 || total
---------------------------+-------+-------++-------
  Melee: Dagger            |    14 |       ||    14
         Club              |       |    60 ||    60
   Cast: Magic Dart        |    88 |    68 ||   156
         Mephitic Cloud    |       |     7 ||     7
         Call Imp          |       |     2 ||     2
   Stab: Confused          |       |     7 ||     7
 Armour: Robe              |    12 |    39 ||    51
  Dodge: Dodged            |    15 |    36 ||    51

Table legend: (Time is in decaauts)
 A = Elapsed time spent in this place.
 B = Non-inter-level travel time spent in this place.
 C = Inter-level travel time spent in this place.
 D = Time resting spent in this place.
 E = Time spent auto-exploring this place.
 F = Levels seen in this place.
 G = Mean time per level.
                   A        B        C        D        E       F      G
               +--------+--------+--------+--------+--------+-----+--------+
         Total |   3465 |   3333 |    132 |     95 |   2778 |   4 |  866.2 |
       Dungeon |   3465 |   3333 |    132 |     95 |   2778 |   4 |  866.2 |
               +--------+--------+--------+--------+--------+-----+--------+

Top non-repeatable levels by time:
     D:3: 1091 daAuts
     D:1: 1004 daAuts
     D:2: 943 daAuts
     D:4: 425 daAuts
